 Dungeon Crawl Stone Soup version 0.28-a0-43-g560ac104fe (webtiles) character file.

Game seed: 10565062165663697275

142 Apogee the Cudgeller (level 5, 0/44 HPs)
             Began as a Palentonga Fighter on July 28, 2021.
             Slain by a hound (4 damage)
             ... on level 3 of the Dungeon.
             The game lasted 00:04:15 (3051 turns).

Apogee the Cudgeller (Palentonga Fighter)           Turns: 3051, Time: 00:04:15

Health: 0/44       AC:  7    Str: 21    XL:     5   Next: 3%
Magic:  5/5        EV:  5    Int:  8    God:
Gold:   42         SH:  0    Dex:  9    Spells: 2/4 levels left

rFire   . . .      SeeInvis +   a - +0 flail
rCold   . . .      Faith    .   (no shield)
rNeg    . . .      Spirit   .   m - +0 chain mail
rPois   .          Reflect  .   (no helmet)
rElec   .          Harm     .   (no cloak)
rCorr   .          Rampage  .   (no gloves)
Will    .....                   (no barding)
Stlth   ..........              (no amulet)
HPRegen 0.14/turn               (no ring)
MPRegen 0.09/turn               (no ring)

@: mighty
A: large, rugged brown scales 3, see invisible, deformed body, roll 1, armoured
tail
a: Rolling Charge


You were on level 3 of the Dungeon.
You visited 1 branch of the dungeon, and saw 5 of its levels.

You collected 42 gold pieces.

Inventory:

Hand Weapons
 a - a +0 flail (weapon)
Armour
 b - a +0 scale mail
 c - a +0 kite shield
 f - a +0 buckler
   (You found it on level 1 of the Dungeon)
 m - a +0 chain mail (worn)
   (You found it on level 3 of the Dungeon)
Scrolls
 e - 3 scrolls of identify {unknown}
 j - 2 scrolls of enchant armour {unknown}
 l - a scroll of magic mapping {unknown}
 n - a scroll of summoning {unknown}
Potions
 g - a potion of berserk rage {unknown}
 h - a potion of heal wounds {unknown}
 i - a potion of curing {unknown}
 k - a potion of flight {unknown}


   Skills:
 + Level 4.0 Fighting
 * Level 4.3 Maces & Flails
 - Level 2.6 Armour
 - Level 2.4 Shields


You had 2 spell levels left.
You knew the following spells:

 Your Spells              Type           Power      Damage    Failure   Level
b - Blink                 Tloc           N/A        N/A       100%        2

Your spell library contained the following spells:

 Spells                   Type           Power      Damage    Failure   Level
 Apportation              Tloc           0%         N/A       99%         1
 Slow                     Hex            0%         N/A       100%        2
 Sublimation of Blood     Necr           0%         N/A       100%        2
 Wereblood                Tmut           0%         N/A       100%        2
 Confusing Touch          Hex            0%         N/A       100%        3
 Lesser Beckoning         Tloc           0%         N/A       100%        3
 Portal Projectile        Hex/Tloc       0%         N/A       100%        3
 Vampiric Draining        Necr           0%         2d6       100%        3
 Alistair's Intoxication  Tmut/Pois      0%         N/A       100%        5
 Blade Hands              Tmut           0%         N/A       100%        5
 Excruciating Wounds      Necr           0%         N/A       100%        5
 Manifold Assault         Tloc           0%         N/A       100%        5
 Invisibility             Hex            0%         N/A       100%        6
 Summon Hydra             Summ           0%         N/A       100%        7


Dungeon Overview and Level Annotations

Branches:
Dungeon (5/15)
 Temple: D:4-7

Altars:
Fedhas

Annotations:
D:4 Pikel


Innate Abilities, Weirdness & Mutations

You are completely covered in rugged brown scales. (AC +3, +7% HP)
You have supernaturally acute eyesight. (SInv)
Armour fits poorly on your strangely shaped body.
You can roll at nearby foes to attack.
You have a long armoured tail.


Message History

You hear a bark!
You hear a shout!
You hear an angry hiss.
You hear a shout! x4
You hit the howler monkey.
You kill the howler monkey!
Your Maces & Flails skill increases to level 4!
An iguana comes into view.
An iguana is nearby!
An iguana is nearby!
The iguana hisses angrily.
You hit the iguana.
The iguana bites you but does no damage.
The iguana bites you.
You barely miss the iguana.
Your tail-slap misses the iguana.
The iguana bites you!
* * * LOW HITPOINT WARNING * * *
You are too injured to fight recklessly!
You are too injured to fight recklessly!
You are too injured to fight recklessly!
You are too injured to fight recklessly!
Okay, then.
You feel very mighty all of a sudden. The iguana completely misses you.
You closely miss the iguana.
The iguana bites you but does no damage.
You sock the iguana! The iguana bites you.
* * * LOW HITPOINT WARNING * * *
A hound comes into view.
You closely miss the iguana.
The hound barks!
The iguana bites you.
* * * LOW HITPOINT WARNING * * *
You thump the iguana!
You kill the iguana!
Your Fighting skill increases to level 4!
You have reached level 5!
You barely miss the hound.
The hound bites you but does no damage. x2
An iguana comes into view.
Unknown command.
The iguana hisses angrily.
There is an escape hatch in the ceiling here.
Really go through this one-way escape hatch?
The hound completely misses you. The hound barely misses you.
A mysterious force pulls you upwards. The hatch slams shut behind you.
The adder hisses angrily.
Found 17 sling bullets.
The hound barely misses you.
Found a stone staircase leading down.
The hound barely misses you.
There is a stone staircase leading down here.
The hound bites you but does no damage. The hound bites you.
You die...

♣..♣ #..##.## ♣..♣
#......# ♣..♣ ##(....#
♣..♣ ##....#.# ♣..♣
#....##.# ♣..♣
#....##.## ♣..♣
##.#.S...# ♣..♣
#...h...# ###''####.
#.#@###.#
..[.....................
............##.#.#.#....
#..........
#.....#......
#.#....#### # ...
.....## #.#....# #.#####
#.# #.#....# ## #......#
####.###


You could see a hound and an adder.

Vanquished Creatures
  A howler monkey (D:4)
  An iguana (D:4)
  An adder (D:3)
  A worm (D:2)
  A dart slug (D:3)
  2 orcs
  6 ball pythons
  4 bats
  3 endoplasms
  3 giant cockroaches
  2 goblins
  4 hobgoblins
  7 jackals
  6 quokkas
  4 frilled lizards
  4 kobolds
  5 rats
55 creatures vanquished.

Notes
Turn   | Place    | Note
-------+----------+-------------------------------------------
     0 | D:1      | Apogee the Palentonga Fighter began the quest for the Orb.
     0 | D:1      | Reached XP level 1. HP: 19/19 MP: 1/1
   348 | D:1      | Reached XP level 2. HP: 25/25 MP: 2/2
  1085 | D:2      | Reached XP level 3. HP: 23/31 MP: 3/3
  1620 | D:2      | Learned a level 2 spell: Blink
  2006 | D:2      | Found a faded altar of an unknown god.
  2670 | D:3      | Found a blossoming altar of Fedhas.
  2671 | D:3      | Noticed an ice beast
  2777 | D:3      | Reached XP level 4. HP: 32/39 MP: 4/4
  2930 | D:3      | You fall into a shaft and drop 2 floors!
  2930 | D:5      | Entered Level 5 of the Dungeon
  2955 | D:5      | Noticed an ice beast
  3040 | D:4      | Reached XP level 5. HP: 3/44 MP: 5/5
  3043 | D:4      | Noticed Pikel
  3051 | D:3      | Slain by a hound

Illustrated notes

Levels and vault maps discovered:
D:1:      roderic_octagonal_star, layout_basic, chequers_garden,
          hangedman_decor_points, serial_park_tiny_2
D:2:      layout_basic, serial_corexii_hall, chequers_hall_statues_y,
          corexii_hall_statues_s, corexii_hall_statues_i,
          ebering_ecumenical_altar_hall
D:3:      kennysheep_big_flooded_room, layout_loops_cross,
          mainiacjoe_overflow_tiny_flanked, gup_sewer_entry_spiral
D:4:      layout_basic, nicolae_overflow_crystal_walls,
          ebering_ghost_inner_flame, uniq_crazy_yiuf_cottage, uniq_pikel,
          uniq_ijyb, uniq_natasha
D:5:      layout_rooms, mainiacjoe_overflow_alcove_4, temple_statues

Skill      XL: |  1  2  3  4 |
---------------+-------------+-----
Maces & Flails | 3 4 |  4.3
Fighting       | 4 |  4.0
Armour         | |  2.6
Shields        | |  2.4

Action                   |  1- 3 |  4- 6 || total
-------------------------+-------+-------++-------
Melee: Flail             |   141 |    23 ||   164
       Tailslap          |    17 |     2 ||    19
  Use: Potion            |       |     1 ||     1
Armor: Scale mail        |    95 |       ||    95
       Chain mail        |    11 |    15 ||    26
Dodge: Dodged            |    72 |     7 ||    79

Table legend: (Time is in decaauts)
 A = Elapsed time spent in this place.
 B = Non-inter-level travel time spent in this place.
 C = Inter-level travel time spent in this place.
 D = Time resting spent in this place.
 E = Time spent auto-exploring this place.
 F = Levels seen in this place.
 G = Mean time per level.
                   A        B        C        D        E       F      G
               +--------+--------+--------+--------+--------+-----+--------+
         Total |   3095 |   2932 |    163 |    195 |   2234 |   5 |  619.0 |
       Dungeon |   3095 |   2932 |    163 |    195 |   2234 |   5 |  619.0 |
               +--------+--------+--------+--------+--------+-----+--------+

Top non-repeatable levels by time:
     D:2: 1505 daAuts
     D:1: 1008 daAuts
     D:3: 464 daAuts
     D:4: 68 daAuts
     D:5: 49 daAuts
